Map: Neon Violet Square LE

Players

Awesomizer - Winner!

  • Race: Protoss Protoss
  • League: Bronze
  • Spawn Location: 5:00

CinDra

  • Race: Protoss Protoss
  • League: Bronze
  • Spawn Location: 11:00

VOD

Have the link to the VOD?

Description

Time

  • Played on: Feb. 5, 2018, 3:27 p.m.
  • Length: 12:20
Show
View Real Time Build Order
Export as new Build Order

Awesomizer Protoss - Winner!

Build Orders: Oracle Opening 

Get SALT Encoding   

  12  0:01  Probe  
  13  0:13  Probe  
  14  0:23  Pylon  
  14  0:25  Probe  
  15  0:41  Probe (Chrono Boost)  
  15  0:42  Gateway  
  16  0:52  Probe (Chrono Boost)  
  16  0:53  Assimilator  
  17  0:57  Probe (Chrono Boost)  
  18  1:07  Probe  
  19  1:19  Probe  
  19  1:21  Assimilator  
  20  1:31  Probe  
  21  1:35  Cybernetics Core  
  21  1:43  Probe  
  21  1:44  Pylon  
  22  1:56  Probe  
  23  2:04  Nexus  
  23  2:07  Warp Gate (Chrono Boost)  
  23  2:08  Probe  
  24  2:24  Stargate  
  24  2:30  Probe  
  24  2:33  Adept  
  27  2:42  Probe  
  28  2:55  Probe  
  29  3:07  Probe  
  29  3:13  Pylon  
  29  3:16  Adept, Oracle (Chrono Boost)  
  34  3:24  Probe, Gateway  
  35  3:30  Probe  
  36  3:36  Probe  
  37  3:42  Probe  
  38  3:48  Probe  
  38  3:53  Oracle  
  42  4:03  Probe x2  
  42  4:08  Pylon  
  44  4:11  Pylon  
  44  4:12  Zealot  
  44  4:15  Probe  
  44  4:16  Probe  
  48  4:19  Twilight Council  
  48  4:25  Adept  
  48  4:27  Probe  
  48  4:28  Probe  
  48  4:29  Assimilator  
  52  4:34  Assimilator  
  52  4:39  Probe  
  52  4:40  Probe  
  54  4:47  Stalker, Zealot  
  54  4:51  Probe  
  54  4:52  Probe  
  60  5:03  Probe  
  60  5:04  Probe  
  62  5:18  Probe x2  
  64  5:29  Stalker, Sentry  
  64  5:30  Probe x2  
  64  5:34  Robotics Facility  
  70  5:39  Resonating Glaives (Chrono Boost), Gateway  
  70  5:40  Gateway  
  70  5:48  Pylon  
  70  5:51  Pylon  
  70  5:54  Pylon  
  70  6:06  Probe x2  
  72  6:12  Nexus  
  72  6:18  Probe x2  
  74  6:19  Immortal (Chrono Boost)  
  74  6:25  Adept x2  
  79  7:03  Immortal (Chrono Boost)  
  83  7:11  Adept  
  83  7:12  Adept, Zealot x2  
  83  7:15  Charge  
  91  7:19  Templar Archives  
  91  7:27  Probe x2  
  93  7:30  Probe  
  93  7:32  Observer (Chrono Boost)  
  95  7:39  Probe x2  
  95  7:42  Probe  
  98  7:47  Pylon  
  98  7:50  Pylon  
  98  7:51  Probe x2  
  98  7:52  Nexus  
  98  7:54  Probe  
  101  7:59  Assimilator  
  101  8:02  Adept x2  
  101  8:03  Adept x2  
  101  8:04  Assimilator  
  101  8:05  Probe x2  
  111  8:06  Probe  
  112  8:13  Pylon  
  112  8:14  Pylon  
  112  8:17  Pylon  
  112  8:20  Pylon  
  112  8:27  Probe  
  112  8:28  Probe x2  
  115  8:39  Adept x2, Pylon  
  115  8:40  Adept  
  121  8:41  Stalker  
  121  8:46  Immortal, Void Ray  
  131  8:50  Psionic Storm  
  131  8:59  Gateway  
  131  9:00  Gateway  
  131  9:04  Gateway  
  131  9:13  Probe x3  
  134  9:17  Probe  
  134  9:20  Stalker x4  
  143  9:25  Probe  
  143  9:29  Immortal, Void Ray  
  152  9:37  Robotics Facility  
  152  9:48  Probe x3  
  152  9:49  Probe  
  156  9:55  Assimilator  
  156  9:56  High Templar x3  
  156  9:57  High Templar x3  
  156  9:59  Assimilator  
  168  10:00  Archon  
  168  10:01  Archon x2  
  168  10:05  Zealot  
  170  10:13  Forge x2  
  170  10:15  Probe x4  
  170  10:21  Immortal  
  178  10:33  Pylon  
  178  10:36  Pylon  
  178  10:51  Immortal, Void Ray  
  186  11:06  Warp Prism  
  188  11:21  Sentry x4  
  179  11:50  High Templar  
  179  11:51  High Templar x2, Zealot x2  
  179  11:52  Zealot x2  
Show
View Real Time Build Order
Export as new Build Order

CinDra Protoss 

Build Orders:  

Get SALT Encoding   

  12  0:01  Probe  
  13  0:13  Probe  
  14  0:20  Pylon  
  14  0:25  Probe  
  15  0:38  Probe  
  15  0:39  Gateway  
  16  0:50  Probe (Chrono Boost)  
  16  0:54  Assimilator  
  17  1:00  Probe (Chrono Boost)  
  18  1:05  Probe (Chrono Boost)  
  19  1:27  Cybernetics Core  
  19  1:31  Zealot  
  21  1:33  Probe (Chrono Boost)  
  22  1:42  Probe (Chrono Boost)  
  22  1:43  Pylon  
  23  1:59  Warp Gate (Chrono Boost)  
  23  2:01  Probe  
  24  2:09  Pylon  
  24  2:11  Assimilator  
  24  2:13  Probe  
  25  2:24  Nexus  
  25  2:25  Probe  
  25  2:29  Adept  
  28  2:38  Probe  
  29  2:50  Probe  
  30  3:02  Adept  
  30  3:04  Probe  
  33  3:17  Probe  
  33  3:18  Pylon  
  34  3:29  Probe, Gateway  
  34  3:33  Pylon  
  35  3:37  Probe  
  35  3:41  Probe  
  37  3:50  Probe  
  37  3:53  Probe  
  39  3:58  Assimilator, Pylon  
  39  4:02  Probe, Assimilator  
  40  4:05  Probe  
  41  4:14  Probe  
  41  4:16  Stalker  
  44  4:17  Probe  
  45  4:26  Probe  
  45  4:27  Twilight Council  
  45  4:28  Robotics Facility  
  45  4:29  Probe  
  47  4:32  Stalker  
  49  4:41  Probe x2  
  51  4:50  Stalker  
  53  4:53  Probe x2  
  55  5:00  Nexus  
  55  5:05  Probe  
  35  5:23  Stalker  
  35  5:28  Probe (Chrono Boost)  
  39  5:29  Probe (Chrono Boost)  
  39  5:36  Pylon  
  39  5:37  Pylon  
  39  5:38  Probe (Chrono Boost), Stalker  
  39  5:39  Probe (Chrono Boost)  
  39  5:40  Observer  
  44  5:43  Probe x2 (Chrono Boost)  
  46  5:54  Probe x2  
  48  5:58  Stalker  
  50  6:10  Stalker  
  52  6:13  Probe (Chrono Boost)  
  52  6:15  Probe x2 (Chrono Boost)  
  56  6:25  Probe (Chrono Boost)  
  56  6:29  Probe x2 (Chrono Boost)  
  58  6:33  Probe (Chrono Boost)  
  58  6:34  Probe x2 (Chrono Boost)  
  58  6:39  Probe  
  59  6:42  Stalker  
  59  6:43  Stalker  
  63  7:09  Probe  
  63  7:10  Probe x2  
  63  7:13  Stargate  
  66  7:21  Probe  
  66  7:22  Probe x2  
  69  7:34  Probe x3  
  72  7:46  Probe x3  
  72  7:47  Stalker x2  
  79  8:01  Fleet Beacon  
  79  8:04  Probe  
  79  8:05  Probe x2  
  82  8:14  Assimilator  
  82  8:17  Probe x3, Assimilator  
  82  8:19  Stalker x2  
  90  8:52  Stalker x2  
  97  8:56  Carrier  
  99  9:09  Stargate x2  
  99  9:16  Pylon  
  99  9:18  Immortal  
  99  9:22  Stalker x2, Pylon  
  107  9:37  Graviton Catapult  
  107  9:39  Blink  
  107  9:46  Protoss Air Weapons Level 1  
  107  9:54  Carrier x2  
  107  9:56  Forge  
  107  9:58  Forge  
  119  10:04  Stalker x2  
  123  10:14  Pylon  
  123  10:18  Pylon  
  123  10:21  Pylon  
  123  10:22  Carrier  
  123  10:25  Pylon  
  123  10:32  Immortal  
  133  10:56  Stalker x2, Gateway x2  
  157  11:33  Pylon  
  157  11:35  Pylon  
  157  11:40  Pylon  
  157  11:42  Pylon  
  90  12:10  Stalker x2  
Tags
 
Add a new tag
Caveats
  • Supply blocks, unpowered buildings, or Contaminate may cause inaccurate times.
  • Supply counts are checked every 10 seconds.